TOP OF THE 1ST |
Las Vegas Stars batting - Pitching for Mile High Broncos : LHP Jorge García
|
Pitching: LHP Jorge García
|
|
Batting: RHB Augusto Trevino
|
0-0: SINGLE (Line Drive, 8RS)
|
Batting: SHB Júlio Salazar
|
0-0: Foul Ball, location: 2F 0-1: Ball Wild Pitch! Augusto Trevino to second 1-1: Foul Ball, location: 2F 1-2: Ball 2-2: SINGLE (Flyball, 7LS) Augusto Trevino to third Runner from 3rd tries for Home, SAFE, throw made home
|
Batting: LHB Jesús Campos
|
0-0: 2-RUN HOME RUN (Flyball, 9LD), Distance : 376 ft
|
Batting: RHB Juan Valverde
|
0-0: Called Strike 0-1: Swinging Strike 0-2: Ball 1-2: Ball 2-2: Foul Ball, location: 2F 2-2: Ground out 5-3 (Groundball, 5S)
|
Batting: RHB Sam Wallace
|
0-0: Ball 1-0: Called Strike 1-1: Ball 2-1: Called Strike 2-2: TRIPLE (Line Drive, 8LXD)
|
Batting: LHB Edward Rose
|
0-0: Fly out, F8 (Flyball, 89D) Runner from 3rd tags up, SCORES, throw made
|
Batting: RHB Barney Lawson
|
0-0: Ball 1-0: Ball 2-0: Ball 3-0: Base on Balls
|
Batting: RHB Tomás Díaz
|
0-0: Ball 1-0: Called Strike 1-1: Ball 2-1: Foul Ball, location: 2F 2-2: Foul Ball, location: 2F 2-2: DOUBLE (Line Drive, 7LD) Barney Lawson to third Runner from 3rd tries for Home, SAFE, no throw
|
Batting: RHB Gilberto Silva
|
0-0: Ball 1-0: Ball 2-0: Ball 3-0: Base on Balls
|
Batting: RHB Augusto Trevino
|
0-0: Ball 1-0: Fly out, F9 (Flyball, 89D)
|
Top of the 1st over - 5 runs, 5 hits, 0 errors, 2 left on base; Las Vegas 5 - Mile High 0 |
BOTTOM OF THE 1ST |
Mile High Broncos batting - Pitching for Las Vegas Stars : LHP Jon Vaughn
|
Pitching: LHP Jon Vaughn
|
|
Batting: RHB Alfredo Ramírez
|
0-0: Swinging Strike 0-1: Ball 1-1: Ball 2-1: Ball 3-1: Swinging Strike 3-2: Strikes out swinging
|
Batting: RHB Evan Robinson
|
0-0: Ball 1-0: SINGLE (Line Drive, 78S)
|
Batting: RHB Rodney González
|
0-0: Grounds into double play, 6-4-3 (Groundball, 6)
|
Bottom of the 1st over - 0 runs, 1 hit, 0 errors, 0 left on base; Las Vegas 5 - Mile High 0 |
TOP OF THE 2ND |
Las Vegas Stars batting - Pitching for Mile High Broncos : LHP Jorge García
|
Batting: SHB Júlio Salazar
|
0-0: Ground out 6-3 (Groundball, 56)
|
Batting: LHB Jesús Campos
|
0-0: Foul Ball, location: 2F 0-1: Foul Ball, location: 2F 0-2: Ball 1-2: Fly out, F9 (Line Drive, 9LS)
|
Batting: RHB Juan Valverde
|
0-0: Ball 1-0: Ball 2-0: Called Strike 2-1: Foul Ball, location: 2F 2-2: SOLO HOME RUN (Flyball, 7D), Distance : 372 ft
|
Batting: RHB Sam Wallace
|
0-0: Foul Ball, location: 2F 0-1: Ball 1-1: Foul Ball, location: 2F 1-2: Fly out, F8 (Flyball, 8RXD)
|
Top of the 2nd over - 1 run, 1 hit, 0 errors, 0 left on base; Las Vegas 6 - Mile High 0 |
BOTTOM OF THE 2ND |
Mile High Broncos batting - Pitching for Las Vegas Stars : LHP Jon Vaughn
|
Batting: RHB António Martínez
|
0-0: Foul Ball, location: 2F 0-1: Swinging Strike 0-2: SINGLE (Groundball, 6D)
|
Batting: RHB Luis Ramos
|
0-0: 2-RUN HOME RUN (Flyball, 7D), Distance : 374 ft
|
Batting: RHB Su-kweon Yu
|
0-0: Called Strike 0-1: Ball 1-1: Ball 2-1: Ground out 6-3 (Groundball, 6)
|
Batting: RHB Enrique Bermúdez
|
0-0: Called Strike 0-1: Ball 1-1: Fly out, F4 (Popup, 4)
|
Batting: LHB Jesús González
|
0-0: Ball 1-0: Ball 2-0: Called Strike 2-1: Fly out, F6 (Popup, 6)
|
Bottom of the 2nd over - 2 runs, 2 hits, 0 errors, 0 left on base; Las Vegas 6 - Mile High 2 |
TOP OF THE 3RD |
Las Vegas Stars batting - Pitching for Mile High Broncos : LHP Jorge García
|
Pitching: RHP José García
|
|
Batting: LHB Edward Rose
|
0-0: Foul Ball, location: 2F 0-1: Foul Ball, location: 2F 0-2: Fly out, F7 (Flyball, 7)
|
Batting: RHB Barney Lawson
|
0-0: Ball 1-0: Ground out 4-3 (Groundball, 4)
|
Batting: RHB Tomás Díaz
|
0-0: Called Strike 0-1: Ground out 5-3 (Groundball, 56)
|
Top of the 3rd over - 0 runs, 0 hits, 0 errors, 0 left on base; Las Vegas 6 - Mile High 2 |
BOTTOM OF THE 3RD |
Mile High Broncos batting - Pitching for Las Vegas Stars : LHP Jon Vaughn
|
Batting: RHB Tim Hanson
|
0-0: SOLO HOME RUN (Flyball, 7D), Distance : 376 ft
|
Batting: RHB Alfredo Ramírez
|
0-0: Ball 1-0: Called Strike 1-1: DOUBLE (Line Drive, 7)
|
Batting: RHB Evan Robinson
|
0-0: Ball 1-0: Ball Wild Pitch! Alfredo Ramírez to third 2-0: Ground out 5-3 (Groundball, 56) Alfredo Ramírez scores
|
Batting: RHB Rodney González
|
0-0: Ball 1-0: Foul Ball, location: 2F 1-1: Ball 2-1: Ball 3-1: Foul Ball, location: 2F 3-2: SINGLE (Groundball, 6M) (infield hit)
|
Batting: RHB António Martínez
|
0-0: Ball 1-0: Ball 2-0: Foul Ball, location: 2F 2-1: Ball 3-1: Base on Balls Rodney González to second
|
Batting: RHB Luis Ramos
|
0-0: Foul Ball, location: 2F 0-1: Called Strike 0-2: Ball 1-2: Ball 2-2: Strikes out swinging
|
Batting: RHB Su-kweon Yu
|
0-0: Ball 1-0: Called Strike 1-1: Ball 2-1: Ball 3-1: Called Strike 3-2: 3-RUN HOME RUN (Line Drive, 7LD), Distance : 386 ft
|
Batting: RHB Enrique Bermúdez
|
0-0: Ball 1-0: Foul Ball, location: 2F 1-1: Ball 2-1: Swinging Strike 2-2: Foul Ball, location: 2F 2-2: Strikes out looking
|
Bottom of the 3rd over - 5 runs, 4 hits, 0 errors, 0 left on base; Las Vegas 6 - Mile High 7 |
TOP OF THE 4TH |
Las Vegas Stars batting - Pitching for Mile High Broncos : RHP José García
|
Batting: RHB Gilberto Silva
|
0-0: Ground out 5-3 (Groundball, 5)
|
Batting: RHB Augusto Trevino
|
0-0: DOUBLE (Flyball, 89D)
|
Pitching: LHP Domingo Morales
|
|
Batting: SHB Júlio Salazar
|
0-0: Called Strike 0-1: Called Strike 0-2: Ball 1-2: Ball 2-2: Strikes out swinging
|
Pitching: RHP Eric Wilson
|
|
Batting: LHB Jesús Campos
|
0-0: Foul Ball, location: 2F 0-1: Called Strike 0-2: Ball 1-2: Ball 2-2: Foul Ball, location: 2F 2-2: Ground out U3 (Groundball, 3S)
|
Top of the 4th over - 0 runs, 1 hit, 0 errors, 1 left on base; Las Vegas 6 - Mile High 7 |
BOTTOM OF THE 4TH |
Mile High Broncos batting - Pitching for Las Vegas Stars : LHP Jon Vaughn
|
Batting: LHB Jesús González
|
0-0: Called Strike 0-1: Fly out, F2 (Popup, 23F)
|
Batting: RHB Tim Hanson
|
0-0: Foul Ball, location: 2F 0-1: Called Strike 0-2: Foul Ball, location: 2F 0-2: SINGLE (Flyball, 7LS)
|
Batting: RHB Alfredo Ramírez
|
0-0: Foul Ball, location: 2F 0-1: Ball 1-1: Grounds into double play, 1-4-3 (Groundball, 15S)
|
Bottom of the 4th over - 0 runs, 1 hit, 0 errors, 0 left on base; Las Vegas 6 - Mile High 7 |
TOP OF THE 5TH |
Las Vegas Stars batting - Pitching for Mile High Broncos : RHP Eric Wilson
|
Batting: RHB Juan Valverde
|
0-0: Foul Ball, location: 2F 0-1: Ball 1-1: Ball 2-1: Ball 3-1: Foul Ball, location: 2F 3-2: Strikes out swinging
|
Batting: RHB Sam Wallace
|
0-0: Ball 1-0: SINGLE (Groundball, 56D)
|
Batting: LHB Edward Rose
|
0-0: Called Strike 0-1: Called Strike 0-2: SINGLE (Groundball, 34D) Sam Wallace to second Runner from 2nd tries for 3rd, SAFE, no throw
|
Batting: RHB Barney Lawson
|
0-0: Ball 1-0: Ball 2-0: SINGLE (Groundball, 6MD) Sam Wallace scores Edward Rose to second
|
Batting: RHB Tomás Díaz
|
0-0: SINGLE (Line Drive, 4M) Edward Rose to third Barney Lawson to second
|
Batting: RHB Gilberto Silva
|
0-0: Ball 1-0: Ball 2-0: Called Strike 2-1: Swinging Strike 2-2: Foul Ball, location: 2F 2-2: Strikes out looking
|
Batting: RHB Augusto Trevino
|
0-0: Swinging Strike 0-1: Ball 1-1: Ball 2-1: Ball 3-1: Base on Balls Edward Rose scores Barney Lawson to third Tomás Díaz to second
|
Batting: SHB Júlio Salazar
|
0-0: Foul Ball, location: 2F 0-1: Ball 1-1: Ball 2-1: Ball 3-1: Foul Ball, location: 2F 3-2: Foul Ball, location: 2F 3-2: Fly out, F8 (Flyball, 8LXD)
|
Top of the 5th over - 2 runs, 4 hits, 0 errors, 3 left on base; Las Vegas 8 - Mile High 7 |
BOTTOM OF THE 5TH |
Mile High Broncos batting - Pitching for Las Vegas Stars : LHP Jon Vaughn
|
Batting: RHB Evan Robinson
|
0-0: Called Strike 0-1: Called Strike 0-2: Ball 1-2: Fly out, F6 (Line Drive, 6)
|
Batting: RHB Rodney González
|
0-0: Ball 1-0: Swinging Strike 1-1: Foul Ball, location: 2F 1-2: Foul Ball, location: 2F 1-2: Foul Ball, location: 2F 1-2: Fly out, F6 (Popup, P)
|
Batting: RHB António Martínez
|
0-0: Called Strike 0-1: Ground out 4-3 (Groundball, 4)
|
Bottom of the 5th over - 0 runs, 0 hits, 0 errors, 0 left on base; Las Vegas 8 - Mile High 7 |
TOP OF THE 6TH |
Las Vegas Stars batting - Pitching for Mile High Broncos : RHP Eric Wilson
|
Batting: LHB Jesús Campos
|
0-0: Called Strike 0-1: Ball 1-1: Ball 2-1: Ball 3-1: SINGLE (Groundball, 34S) (infield hit)
|
Batting: RHB Juan Valverde
|
0-0: Called Strike Jesús Campos steals 2nd base 0-1: Ground out 6-3 (Groundball, 6)
|
Batting: RHB Sam Wallace
|
0-0: Called Strike Jesús Campos is caught stealing 3rd base 0-1: Ball 1-1: Swinging Strike 1-2: Fly out, F8 (Flyball, 89D)
|
Top of the 6th over - 0 runs, 1 hit, 0 errors, 0 left on base; Las Vegas 8 - Mile High 7 |
BOTTOM OF THE 6TH |
Mile High Broncos batting - Pitching for Las Vegas Stars : LHP Jon Vaughn
|
Pitching: LHP Júlio Aguilar
|
|
Batting: RHB Luis Ramos
|
0-0: Called Strike 0-1: Fly out, F7 (Flyball, 78S)
|
Batting: RHB Su-kweon Yu
|
0-0: Ball 1-0: Ball 2-0: Foul Ball, location: 2F 2-1: Called Strike 2-2: Ball 3-2: Base on Balls
|
Batting: RHB Enrique Bermúdez
|
0-0: Swinging Strike 0-1: Grounds into double play, 6-4-3 (Groundball, 6)
|
Bottom of the 6th over - 0 runs, 0 hits, 0 errors, 0 left on base; Las Vegas 8 - Mile High 7 |
TOP OF THE 7TH |
Las Vegas Stars batting - Pitching for Mile High Broncos : RHP Eric Wilson
|
Batting: LHB Edward Rose
|
0-0: Ball 1-0: Ball 2-0: Ball 3-0: Called Strike 3-1: Base on Balls
|
Batting: RHB Barney Lawson
|
0-0: Ball 1-0: Bunted foul 1-1: Sac Bunt - play at first, batter OUT! 2-4 Edward Rose to second
|
Pinch Hitting: LHB Morgan Wright
|
0-0: Intentional Walk
|
Pinch Runner at 2nd Ricardo Guzmán:
|
|
Batting: RHB Gilberto Silva
|
0-0: Fly out, F1 (Popup, 13)
|
Batting: RHB Augusto Trevino
|
0-0: Called Strike 0-1: Ball 1-1: Swinging Strike 1-2: Strikes out looking
|
Top of the 7th over - 0 runs, 0 hits, 0 errors, 2 left on base; Las Vegas 8 - Mile High 7 |
BOTTOM OF THE 7TH |
Mile High Broncos batting - Pitching for Las Vegas Stars : LHP Júlio Aguilar
|
Now at SS: Ricardo Guzmán
|
|
Batting: LHB Jesús González
|
0-0: Ball
|
Now at 1B: Morgan Wright
|
1-0: Ball 2-0: SINGLE (Line Drive, 78S)
|
Batting: RHB Tim Hanson
|
0-0: Foul Ball, location: 2F 0-1: Sac Bunt - play at first, batter OUT! U3 Jesús González to second
|
Batting: RHB Alfredo Ramírez
|
0-0: Ball 1-0: Called Strike 1-1: Ball 2-1: Swinging Strike 2-2: Foul Ball, location: 2F 2-2: Ball 3-2: Strikes out swinging
|
Batting: RHB Evan Robinson
|
0-0: Called Strike 0-1: Ball 1-1: Swinging Strike 1-2: Foul Ball, location: 2F 1-2: SINGLE (Groundball, 4MD) Jesús González to third Runner from 3rd tries for Home, SAFE, throw made home
|
Batting: RHB Rodney González
|
0-0: Called Strike 0-1: Foul Ball, location: 2F 0-2: Ball 1-2: Foul Ball, location: 2F 1-2: Ball 2-2: Foul Ball, location: 2F 2-2: Strikes out swinging
|
Bottom of the 7th over - 1 run, 2 hits, 0 errors, 1 left on base; Las Vegas 8 - Mile High 8 |
TOP OF THE 8TH |
Las Vegas Stars batting - Pitching for Mile High Broncos : RHP Eric Wilson
|
Pinch Hitting: LHB Paco Rivera
|
0-0: Called Strike 0-1: Ball 1-1: Ball 2-1: Ball 3-1: Foul Ball, location: 2F 3-2: Fly out, F5 (Popup, 25F)
|
Batting: LHB Jesús Campos
|
0-0: Ball 1-0: Called Strike 1-1: Foul Ball, location: 2F 1-2: Foul Ball, location: 2F 1-2: DOUBLE (Flyball, 8LXD)
|
Batting: RHB Juan Valverde
|
0-0: Intentional Walk
|
Pinch Hitting: LHB Patrick Osborne
|
0-0: Foul Ball, location: 2F 0-1: Ball 1-1: Fly out, F7 (Flyball, 7LMF)
|
Batting: RHB Ricardo Guzmán
|
0-0: Ball 1-0: Ball 2-0: Ball 3-0: Base on Balls Jesús Campos to third Juan Valverde to second
|
Batting: RHB Barney Lawson
|
0-0: Fly out, F3 (Popup, 34)
|
Top of the 8th over - 0 runs, 1 hit, 0 errors, 3 left on base; Las Vegas 8 - Mile High 8 |
BOTTOM OF THE 8TH |
Mile High Broncos batting - Pitching for Las Vegas Stars : LHP Júlio Aguilar
|
Now at 3B: Gabriel Miranda
|
|
Now in RF: Patrick Osborne
|
|
Batting: RHB António Martínez
|
0-0: Swinging Strike 0-1: Called Strike 0-2: Ball 1-2: Strikes out swinging
|
Pinch Hitting: RHB Bobby Murdock
|
0-0: Ball 1-0: Ball 2-0: Called Strike 2-1: Foul Ball, location: 2F 2-2: Ground out 6-3 (Groundball, 6)
|
Batting: RHB Su-kweon Yu
|
0-0: Ball 1-0: Called Strike 1-1: Ball 2-1: Ball 3-1: Base on Balls
|
Pinch Runner at 1st Nick Simmons:
|
|
Batting: RHB Enrique Bermúdez
|
0-0: Called Strike 0-1: Fielders Choice at 2nd, 5-4 (Groundball, 56)
|
Bottom of the 8th over - 0 runs, 0 hits, 0 errors, 1 left on base; Las Vegas 8 - Mile High 8 |
TOP OF THE 9TH |
Las Vegas Stars batting - Pitching for Mile High Broncos : RHP Eric Wilson
|
Now in CF: José Darias
|
|
Batting: LHB Morgan Wright
|
0-0: Ball 1-0: Ball 2-0: Ball 3-0: Base on Balls
|
Batting: RHB Gilberto Silva
|
0-0: Called Strike 0-1: 2-RUN HOME RUN (Flyball, 89XD), Distance : 400 ft
|
Batting: RHB Augusto Trevino
|
0-0: Swinging Strike 0-1: Ball 1-1: SOLO HOME RUN (Line Drive, 8RXD), Distance : 441 ft
|
Batting: RHB Gabriel Miranda
|
0-0: Called Strike 0-1: Called Strike 0-2: Strikes out looking
|
Pitching: RHP Keith Shaffer
|
|
Batting: LHB Jesús Campos
|
0-0: Called Strike 0-1: Foul Ball, location: 2F 0-2: Fly out, F4 (Line Drive, 4)
|
Batting: RHB Juan Valverde
|
0-0: Ball 1-0: Ground out 3-1 (Groundball, 34)
|
Top of the 9th over - 3 runs, 2 hits, 0 errors, 0 left on base; Las Vegas 11 - Mile High 8 |
BOTTOM OF THE 9TH |
Mile High Broncos batting - Pitching for Las Vegas Stars : LHP Júlio Aguilar
|
Pitching: LHP Gian-Andrea Nota
|
|
Batting: LHB Jesús González
|
0-0: Ball 1-0: Called Strike 1-1: Called Strike 1-2: Ball 2-2: Ball 3-2: Base on Balls
|
Batting: RHB Tim Hanson
|
0-0: Called Strike 0-1: Foul Ball, location: 2F 0-2: Foul Ball, location: 2F 0-2: Fly out, F4 (Popup, 4MS)
|
Batting: RHB Alfredo Ramírez
|
0-0: Called Strike 0-1: Foul Ball, location: 2F 0-2: Ball 1-2: Ball 2-2: Strikes out swinging
|
Batting: RHB Evan Robinson
|
0-0: SINGLE (Groundball, 6) (infield hit) Jesús González to second
|
Batting: RHB Rodney González
|
0-0: Ball 1-0: Fly out, F9 (Flyball, 9D)
|
Bottom of the 9th over - 0 runs, 1 hit, 0 errors, 2 left on base; Las Vegas 11 - Mile High 8 |
|